 Dungeon Crawl Stone Soup version 0.24-a0-29-g43a6aff (webtiles) character file.

Game seed: 1637563905050060262

11704 Inarius the Unseen (level 11, 0/49 HPs)
             Began as a Felid Fighter on Feb 2, 2019.
             Was an Elder of Yredelemnul.
             Slain by a yak (13 damage)
             ... on level 2 of the Lair of Beasts.
             The game lasted 00:43:46 (17922 turns).

Inarius the Unseen (Felid Fighter)                 Turns: 17922, Time: 00:43:46

Health: 0/49       AC:  5    Str: 12    XL:     11   Next: 52%
Magic:  20/20      EV: 25    Int: 15    God:    Yredelemnul [****..]
Gold:   602        SH:  0    Dex: 20    Spells: 11/20 levels left
                                        Lives:  0   Deaths: 3

rFire    . . .     SeeInvis +     - Unarmed
rCold    + . .     Gourm    .   (shield unavailable)
rNeg     . . .     Faith    .   (armour unavailable)
rPois    +         Spirit   .   (helmet unavailable)
rElec    .         Reflect  .   (cloak unavailable)
rCorr    .         Harm     .   (gloves unavailable)
MR       +....                  (boots unavailable)
Stlth    +++++++...             (no amulet)
HPRegen  0.16/turn              e - ring of poison resistance
MPRegen  0.17/turn              s - +4 ring of intelligence

@: quick
A: very small, no armour, no weapons or thrown items, stealth, claws 1, fangs 3,
iridescent scales 1, see invisible, carnivore, clever 1, speed 1, screaming 1,
shaggy fur 3, slow metabolism 1, sharp paws
a: Recall Undead Slaves, Injury Mirror, Animate Dead, Drain Life, Renounce
Religion


You were on level 2 of the Lair of Beasts.
You worshipped Yredelemnul.
Yredelemnul was greatly pleased with you.
You were completely stuffed.

You visited 2 branches of the dungeon, and saw 14 of its levels.
You also visited: Gauntlet.

You collected 842 gold pieces.
You spent 240 gold pieces at shops.

Inventory:

Armour
 h - a +2 robe of resistance
Jewellery
 e - a ring of poison resistance (left paw)
 k - an uncursed ring of positive energy
 s - a +4 ring of intelligence (right paw)
Wands
 a - a wand of paralysis (11)
 m - a wand of acid (12)
 r - a wand of flame (16)
 x - a wand of disintegration (15)
Scrolls
 c - a scroll of teleportation
 f - 3 scrolls of identify
 g - 4 scrolls of amnesia
 i - 8 scrolls of remove curse
Potions
 d - a potion of flight
 j - 2 potions of agility
 l - 5 potions of lignification
Miscellaneous
 n - a fan of gales
Comestibles
 b - 31 rations
 o - a chunk of flesh


   Skills:
 + Level 6.4 Fighting
 + Level 8.2 Dodging
 * Level 15.4 Stealth
 + Level 10.6 Unarmed Combat
 + Level 5.4 Spellcasting
 - Level 7.0 Hexes
 * Level 5.8 Transmutations
 * Level 6.8 Invocations
 + Level 2.3 Evocations


You had 11 spell levels left.
You knew the following spells:

 Your Spells              Type           Power        Failure   Level  Hunger
a - Confuse               Hex            ####....     2%          3    ###....
b - Confusing Touch       Hex            ####..       1%          1    None
c - Yara's Violent Unrav  Hex/Tmut       ###.......   30%         5    ######.

Your spell library contained the following spells:

 Spells                   Type           Power        Failure   Level  Hunger
 Corona                   Hex            ####...      1%          1    None
 Slow                     Hex            ####....     1%          2    #......
 Cause Fear               Hex            ####......   9%          4    ####...
 Inner Flame              Hex/Fire       ##......     11%         3    ###....
 Freeze                   Ice            #...         16%         1    None
 Magic Dart               Conj           #...         16%         1    None
 Blink                    Tloc           N/A          24%         2    #......
 Call Imp                 Summ           #.......     24%         2    #......
 Corpse Rot               Necr           N/A          24%         2    #......
 Throw Frost              Conj/Ice       #.....       24%         2    #......
 Leda's Liquefaction      Hex/Erth       ##........   36%         4    ####...
 Conjure Flame            Conj/Fire      #.......     43%         3    ###....
 Gell's Gravitas          Tloc           #.........   43%         3    ###....
 Mephitic Cloud           Conj/Pois/Air  #.......     43%         3    ###....
 Ozocubu's Armour         Chrm/Ice       #.......     43%         3    ###....
 Stone Arrow              Conj/Erth      #.....       43%         3    ###....
 Petrify                  Tmut/Erth      ##......     43%         4    ####...
 Metabolic Englaciation   Hex/Ice        ##........   71%         5    ######.
 Summon Ice Beast         Ice/Summ       #.......     83%         4    ####...
 Throw Icicle             Conj/Ice       #.......     83%         4    ####...
 Hydra Form               Tmut           ###.......   92%         6    #######
 Bolt of Magma            Conj/Fire/Erth #.........   99%         5    ######.
 Summon Forest            Summ/Tloc      #.........   99%         5    ######.
 Iron Shot                Conj/Erth      #.........   100%        6    #######
 Statue Form              Tmut/Erth      ##.......    100%        6    #######
 Summon Hydra             Summ           #.........   100%        7    #######
 Shatter                  Erth           #.........   100%        9    #######
 Portal Projectile        Hex/Tloc       Unusable     N/A         3    N/A

Dungeon Overview and Level Annotations

Branches:
Dungeon (12/15)            Temple (0/1) D:6            Lair (2/6) D:10
  Swamp: Lair:2-4    Shoals: Lair:2-4     Snake: Lair:2-4    Spider: Lair:2-4
    Orc: D:9-12

Altars:
Ashenzari
Fedhas
Gozag
Makhleb
Nemelex Xobeh
Qazlal
Trog
Uskayaw
Vehumet
Yredelemnul
The Shining One

Shops:
D:6 !


Innate Abilities, Weirdness & Mutations

You cannot wear armour.
You are incapable of wielding weapons or throwing items.
Your paws allow you to move quietly. (Stealth)
You have sharp claws.
You have razor-sharp teeth.
You have supernaturally acute eyesight. (SInv)
You are carnivorous and can eat meat at any time.
You cover ground quickly.
Your thick and shaggy fur keeps you warm. (AC +3, rC+)
You have a slow metabolism.
Your sharp claws are effective at attacking unaware monsters.
You are partially covered in iridescent scales. (AC +2)
Your mind is acute. (Int +2)
You occasionally shout uncontrollably at your foes.


Message History

Yredelemnul accepts your kill.
You see here a yak corpse.
You butcher the yak corpse.
o - 2 chunks of flesh You see here a yak skeleton.
You start resting.
Eating one of 2 chunks of flesh.
You eat one of the 2 chunks of flesh.
This raw flesh tastes great.
Magic restored.
You swap places.
There is a stone staircase leading down here.
You start resting.
HP restored.
You climb downwards.
Your mindless thrall stays behind.
The yak gores you! The yak completely misses you. x2
There is a stone staircase leading up, spattered with blood here.
The yak gores you! x2
* * * LOW HITPOINT WARNING * * *
The yak gores you!
You die...
Your body rises from the dead as a mindless zombie.

.#.. ##... #.........##
...#. .#....##.......P..#
....... ..#......#.......##
.#....>
.#..............)###
...#....
...........#.......#
.#......
#.......#........##
.....P.. ##......#.#...#.##
.P...... ##....Y.......#...
.#...P..
#....Y@YP.#.....###
.#...P.# ..#.....Y..P...P.#
.....#.# . #.#............#
.....#.##.................#
.......P#....P......#.....#
..###.P##....#......P.P...#
#....###..............#...#
#.....#P...............
#....z#.P............


You could see 4 yaks.

Vanquished Creatures
  A minotaur (Gauntlet)
  A hydra (D:11)
  2 two-headed ogres
  A glowing orange brain (Gauntlet)
  4 ugly things
  Pikel (D:7)
  A centaur zombie (D:10)
  Maurice (D:9)
  A black mamba (Lair:1)
  A spiny frog (Lair:1)
  A komodo dragon (Lair:1)
  2 hornets (D:9)
  Grinder (D:6)
  2 blink frogs (Lair:2)
  3 hippogriffs
  4 flying skulls (Gauntlet)
  22 yaks
  2 soldier ants (D:9)
  4 water moccasins
  4 porcupines (Lair:2)
  A hell hound (Gauntlet)
  2 hornet zombies (D:9)
  6 orc warriors
  2 ice beasts (D:7)
  A sky beast (D:10)
  An eye of draining (D:8)
  6 ogres
  A slave (D:7)
  2 black bears
  A phantom (D:10)
  3 centaurs
  A necrophage (D:8)
  2 crocodiles
  A big kobold (D:9)
  10 bullfrogs
  2 scorpions
  5 killer bees
  3 wights
  A bullfrog zombie (D:7)
  10 crimson imps
  6 hounds
  7 orc priests
  3 jellies
  9 orc wizards
  2 bullfrog skeletons
  5 iguanas
  Terence (D:2)
  13 worker ants
  A hound zombie (D:7)
  A hound skeleton (D:7)
  A worker ant zombie (D:8)
  2 howler monkey zombies
  10 gnolls
  A howler monkey skeleton (D:5)
  7 adders
  3 shadow imps
  2 oozes (D:1)
  4 worms
  2 adder zombies
  A dart slug (D:2)
  7 leopard geckos
  41 orcs
  5 giant cockroaches
  8 goblins
  8 hobgoblins
  6 jackals
  14 kobolds
  5 quokkas
  3 ball pythons
  10 bats
  A frilled lizard (D:2)
  A jackal skeleton (D:5)
  2 kobold zombies (D:9)
  A leopard gecko zombie (D:5)
  12 rats
325 creatures vanquished.

Vanquished Creatures (collateral kills)
  A two-headed ogre (D:11)
  A cyclops (D:7)
  A black mamba (Lair:2)
  A komodo dragon (Lair:2)
  2 blink frogs (Lair:2)
  A hippogriff (Lair:2)
  7 yaks
  A hell hound (Gauntlet)
  A porcupine (Lair:1)
  A phantom (D:7)
  A crocodile (Lair:2)
  A scorpion (D:8)
  2 killer bees (D:8)
  A hound (D:7)
  A jelly (D:8)
  A worker ant (D:8)
  A gnoll (D:9)
  2 orcs (D:9)
27 creatures vanquished.

Vanquished Creatures (others)
  2 ugly thing zombies (Gauntlet)
  3 flying skulls (Lair:2)
  A black mamba zombie (Lair:1)
  2 hippogriff zombies
  A komodo dragon zombie (Lair:2)
  2 water moccasin zombies
  3 wights
  A killer bee zombie (D:8)
  A big kobold zombie (D:9)
  A hound zombie (D:8)
  A mummy (D:9)
  A worker ant zombie (D:4)
  A worm zombie (D:4)
  A kobold zombie (D:9)
  2 orc zombies
  A fungus (Lair:2)
24 creatures vanquished.

Grand Total: 376 creatures vanquished

Notes
Turn   | Place    | Note
-------+----------+-------------------------------------------
     0 | D:1      | Inarius the Felid Fighter began the quest for the Orb.
     0 | D:1      | Reached XP level 1. HP: 10/10 MP: 2/2
   181 | D:1      | Reached XP level 2. HP: 14/14 MP: 3/3
   370 | D:1      | Reached XP level 3. HP: 17/17 MP: 4/4
   962 | D:2      | Reached skill level 1 in Stealth
  1011 | D:2      | Found a glowing golden altar of the Shining One.
  1039 | D:2      | Found a basalt altar of Yredelemnul.
  1047 | D:2      | Noticed a profane servitor
  1064 | D:2      | Became a worshipper of Yredelemnul the Dark
  1150 | D:2      | Reached XP level 4. HP: 6/21 MP: 5/5
  1599 | D:2      | Reached skill level 5 in Unarmed Combat
  1697 | D:2      | Noticed Terence
  1718 | D:2      | Killed Terence
  1735 | D:2      | Reached skill level 2 in Stealth
  1850 | D:2      | Reached XP level 5. HP: 24/24 MP: 7/7
  1978 | D:2      | Noticed an angel
  2012 | D:3      | Reached skill level 1 in Spellcasting
  2209 | D:3      | Reached skill level 5 in Dodging
  2568 | D:3      | Reached * piety under Yredelemnul
  2785 | D:3      | Reached skill level 3 in Stealth
  2811 | D:3      | Reached skill level 1 in Invocations
  3037 | D:3      | Gained mutation: You are covered in thick fur. (AC +2)
                  | [Felid growth]
  3037 | D:3      | Reached XP level 6. HP: 28/28 MP: 8/8
  3114 | D:3      | Found a bloodstained altar of Trog.
  3153 | D:3      | Learned a level 3 spell: Confuse
  3155 | D:3      | Learned a level 1 spell: Confusing Touch
  3607 | D:4      | Reached skill level 4 in Stealth
  3607 | D:4      | Reached skill level 1 in Hexes
  3746 | D:4      | Found a blossoming altar of Fedhas.
  4035 | D:4      | Slain by an ogre
  4036 | D:4      | Reached XP level 5. HP: -2/25 MP: 7/7
  4201 | D:4      | Reached XP level 6. HP: 28/28 MP: 8/8
  4687 | D:5      | Entered Level 5 of the Dungeon
  4780 | D:4      | Reached skill level 5 in Stealth
  5136 | D:5      | Reached ** piety under Yredelemnul
  5138 | D:5      | Reached XP level 7. HP: 6/32 MP: 9/9
  5796 | D:5      | Reached skill level 6 in Stealth
  6704 | D:6      | Reached skill level 7 in Stealth
  6736 | D:6      | Found Ximp's Distillery.
  6750 | D:6      | Reached XP level 8. HP: 35/36 MP: 10/10
  6767 | D:6      | Bought a potion of heal wounds for 60 gold pieces
  6767 | D:6      | Bought a potion of heal wounds for 60 gold pieces
  6767 | D:6      | Bought a potion of heal wounds for 60 gold pieces
  6767 | D:6      | Bought a potion of berserk rage for 60 gold pieces
  6844 | D:6      | Found a staircase to the Ecumenical Temple.
  6844 | D:6      | Noticed Grinder
  6855 | D:6      | Paralysed by Grinder for 5 turns
  6864 | D:6      | Killed Grinder
  6864 | D:6      | Reached skill level 8 in Stealth
  6871 | D:6      | Learned a level 5 spell: Yara's Violent Unravelling
  6923 | D:6      | Found a shattered altar of Ashenzari.
  7192 | D:7      | Noticed a hippogriff
  7203 | D:7      | Killed a hippogriff
  7203 | D:7      | Reached skill level 5 in Fighting
  7233 | D:7      | Slain by an orc warrior
  7234 | D:7      | Reached XP level 7. HP: -1/33 MP: 10/10
  7267 | D:7      | Reached skill level 5 in Hexes
  7407 | D:7      | Noticed a cyclops
  7408 | D:7      | Reached skill level 9 in Stealth
  7408 | D:7      | Reached XP level 8. HP: 37/37 MP: 11/11
  7468 | D:7      | Noticed a two-headed ogre
  7633 | D:7      | Noticed a purple ugly thing
  7751 | D:7      | Reached *** piety under Yredelemnul
  8076 | D:7      | Noticed Pikel
  8228 | D:7      | Killed a two-headed ogre
  8228 | D:7      | Reached skill level 10 in Stealth
  8228 | D:7      | Reached XP level 9. HP: 32/40 MP: 7/13
  8599 | D:7      | Killed a purple ugly thing
  8667 | D:7      | Killed a cyclops
  8667 | D:7      | Reached skill level 1 in Evocations
  8913 | D:7      | Killed Pikel
  8913 | D:7      | Reached skill level 11 in Stealth
  9058 | D:8      | Found a burning altar of Makhleb.
  9058 | D:8      | Found a radiant altar of Vehumet.
  9088 | D:8      | Reached XP level 10. HP: 18/45 MP: 7/14
  9336 | D:7      | Reached skill level 5 in Invocations
  9454 | D:8      | Reached skill level 1 in Transmutations
  9615 | D:8      | Found a sparkling altar of Nemelex Xobeh.
  9620 | D:8      | Found a hide-covered altar of Uskayaw.
  9620 | D:8      | Found an opulent altar of Gozag.
  9620 | D:8      | Found a stormy altar of Qazlal.
 11440 | D:9      | Reached **** piety under Yredelemnul
 11440 | D:9      | Received a gift from Yredelemnul (a wight)
 11515 | D:9      | Noticed Maurice
 11900 | D:9      | Killed Maurice
 11900 | D:9      | Reached skill level 12 in Stealth
 11923 | D:9      | Paralysed by a hornet for 3 turns
 12037 | D:9      | Received a gift from Yredelemnul (a mummy)
 12621 | D:10     | Entered Level 10 of the Dungeon
 12917 | D:10     | Found a staircase to the Lair.
 12931 | D:10     | You fall through a shaft!
 12965 | D:11     | Noticed a seven-headed hydra
 12970 | D:11     | Killed a seven-headed hydra
 12970 | D:11     | Reached XP level 11. HP: 49/49 MP: 17/17
 13061 | D:10     | Received a gift from Yredelemnul (a wight)
 13571 | D:10     | Received a gift from Yredelemnul (a wight)
 13754 | D:11     | Noticed a green ugly thing
 13761 | D:11     | Killed a green ugly thing
 13761 | D:11     | Reached skill level 13 in Stealth
 13873 | D:11     | Noticed a two-headed ogre
 13887 | D:11     | Killed a two-headed ogre
 14530 | D:12     | Noticed a two-headed ogre
 14547 | D:11     | Killed a two-headed ogre
 14631 | D:11     | Reached skill level 14 in Stealth
 14756 | D:12     | Reached skill level 10 in Unarmed Combat
 14800 | Lair:1   | Entered Level 1 of the Lair of Beasts
 14876 | Lair:1   | Found a gate leading to a gauntlet.
 14892 | Gauntlet | Entered a Gauntlet
 14892 | Gauntlet | Found a transporter.
 14892 | Gauntlet | Found a transporter.
 14896 | Gauntlet | Found a transporter.
 14898 | Gauntlet | Found a transporter.
 14898 | Gauntlet | Noticed a green ugly thing
 14899 | Gauntlet | Noticed a green ugly thing
 14902 | Gauntlet | Noticed a wizard
 14903 | Gauntlet | Found a transporter.
 14906 | Gauntlet | Noticed a wizard
 14916 | Gauntlet | Found a transporter.
 14923 | Gauntlet | Noticed a sun demon
 14926 | Gauntlet | Found a transporter.
 14926 | Gauntlet | Found a transporter.
 14930 | Gauntlet | Found a transporter.
 14946 | Gauntlet | Found a transporter.
 14951 | Gauntlet | Noticed a glowing orange brain
 14953 | Gauntlet | Found a transporter.
 14995 | Gauntlet | Found a transporter.
 15010 | Gauntlet | Found a transporter.
 15024 | Gauntlet | Found a transporter.
 15126 | Gauntlet | Found a transporter.
 15139 | Gauntlet | Noticed a large abomination
 15140 | Gauntlet | Found a transporter.
 15538 | Gauntlet | Killed a white ugly thing
 15566 | Gauntlet | Killed a glowing orange brain
 15566 | Gauntlet | Reached skill level 5 in Transmutations
 15602 | Gauntlet | Killed a green ugly thing
 15725 | Gauntlet | Noticed a minotaur
 15886 | Gauntlet | Killed a minotaur
 15892 | Gauntlet | Gained mutation: You are partially covered in iridescent
                  | scales. (AC +2) [potion of mutation]
 15892 | Gauntlet | Gained mutation: You occasionally shout uncontrollably at
                  | your foes. [potion of mutation]
 15892 | Gauntlet | Gained mutation: Your thick and shaggy fur keeps you warm.
                  | (AC +3, rC+) [potion of mutation]
 15892 | Gauntlet | Gained mutation: Your mind is acute. (Int +2) [potion of
                  | mutation]
 15892 | Gauntlet | HP: 3/73 [poisoned by a minotaur]
 15895 | Gauntlet | HP: 1/73 [poisoned by a minotaur]
 15896 | Gauntlet | Succumbed to a minotaur's poison
 15897 | Gauntlet | Reached XP level 10. HP: 0/69 MP: 15/17
 15950 | Gauntlet | HP: 1/46 [hell hound/blast of flame (9)]
 16295 | Lair:1   | Reached XP level 11. HP: 49/49 MP: 14/18
 16346 | Lair:1   | Received a gift from Yredelemnul (3 flying skulls)
 16763 | Lair:1   | Reached skill level 5 in Spellcasting
 17189 | Lair:2   | Reached skill level 15 in Stealth
 17922 | Lair:2   | Slain by a yak

Vault maps used:
D:1:      roderic_chinese_lattice_arrival, serial_bayou_pond_e,
          minmay_tetromino_i4
D:2:      grunt_temple_overflow_holy_war, uniq_terence
D:3:      lemuel_doored_altar, first_ration, dk_noncrumbling_4, st_stairs_14
D:4:      kennysheep_mini
D:6:      lemuel_crystal_altar, minmay_temple_entry_waves, serial_shops, shop,
          uniq_grinder
D:7:      cheibrodos_fzero, uniq_pikel
D:8:      grunt_temple_overflow_lords_of_destruction, grunt_temple_overflow_open
D:9:      hangedman_pestilent_swarm, uniq_maurice
D:10:     lair_entry_dummy
D:11:     grunt_ministairs_14
D:12:     kennysheep_orc_monster_closet_entryway
Lair:1:   gauntlet_entry_generic
Lair:2:   eino_small_chamber_without_monster, beast_lair_carwin_7,
          serial_bayou_shore_b, grunt_megastairs_3, lemuel_fruit_tree
Gauntlet: gammafunk_gauntlet_branching

Skill      XL: |  1  2  3  4  5  6  7  8  9 10 11 |
---------------+----------------------------------+-----
Stealth        | 1 2 3 5 9 10 11 12 15 | 15.4
Unarmed Combat | 5 6 8 9 10 | 10.6
Spellcasting   | 1 2 3 5 |  5.4
Dodging        | 5 6 7 8 |  8.2
Invocations    | 1 2 4 5 6 |  6.8
Hexes          | 2 5 6 7 |  7.0
Fighting       | 4 5 6 |  6.4
Evocations     | 1 2 |  2.3
Transmutations | 3 5 |  5.8

Action                   |  1- 3 |  4- 6 |  7- 9 | 10-12 || total
-------------------------+-------+-------+-------+-------++-------
Melee: Unarmed           |    87 |   213 |   274 |   454 ||  1028
       Bite              |     6 |    24 |    31 |    55 ||   116
       Punch             |     4 |    12 |    13 |    20 ||    49
 Cast: Confusing Touch   |       |       |    12 |    26 ||    38
       Confuse           |       |       |    14 |    53 ||    67
Invok: Animate Remains   |       |     5 |       |       ||     5
       Animate Dead      |       |       |     3 |    20 ||    23
       Recall Undead Sla |       |       |     1 |     6 ||     7
       Injury Mirror     |       |       |       |     2 ||     2
       Drain Life        |       |       |       |     1 ||     1
Evoke: Wand              |       |       |     8 |    17 ||    25
  Use: Potion            |     1 |     2 |     2 |    14 ||    19
       Scroll            |       |     1 |     7 |    12 ||    20
 Stab: Sleeping          |     3 |    14 |    14 |    45 ||    76
       Distracted        |       |     1 |     3 |     3 ||     7
       Confused          |       |       |    13 |    32 ||    45
  Eat: Chunk             |     8 |    13 |    10 |    37 ||    68
Armor: Skin              |     3 |    12 |     9 |    34 ||    58
Dodge: Dodged            |    80 |   137 |   199 |   383 ||   799

Table legend:
 A = Non-vault XP
 B = Vault XP
 C = Vault XP percentage of total XP
 D = Non-vault monster count
 E = Vault monster count
 F = Vault count percentage of total count
                 A         B        C        D         E       F
            +---------+---------+-------+---------+---------+-------
      Total |   18656 |   10191 |  35.3 |     299 |      47 |  13.6
            +---------+---------+-------+---------+---------+-------
        D:1 |      52 |       4 |   7.1 |      26 |       2 |   7.1
        D:2 |     141 |      38 |  21.2 |      26 |       1 |   3.7
        D:3 |     186 |       4 |   2.1 |      28 |       2 |   6.7
        D:4 |     473 |       0 |   0.0 |      17 |       0 |   0.0
        D:5 |     655 |       0 |   0.0 |      23 |       0 |   0.0
        D:6 |     444 |     272 |  38.0 |      12 |       1 |   7.7
        D:7 |     881 |    3588 |  80.3 |      18 |      18 |  50.0
        D:8 |    2048 |      50 |   2.4 |      37 |       1 |   2.6
        D:9 |    1428 |    1292 |  47.5 |      30 |       5 |  14.3
       D:10 |    2263 |       0 |   0.0 |      28 |       0 |   0.0
       D:11 |    3778 |      77 |   2.0 |      17 |       2 |  10.5
       D:12 |     651 |       0 |   0.0 |       4 |       0 |   0.0
     Lair:1 |    3472 |     196 |   5.3 |      19 |       1 |   5.0
     Lair:2 |    2184 |     489 |  18.3 |      14 |       4 |  22.2
   Gauntlet |       0 |    4181 | 100.0 |       0 |      10 | 100.0
            +---------+---------+-------+---------+---------+-------
